 Dungeon Crawl Stone Soup version 0.30-a0-272-gf98c3da03f (webtiles) character file.

Game seed: 12403780948760434265

935 koil the Sneak (level 7, 0/35 HPs)
             Began as a Spriggan Enchanter on Oct 15, 2022.
             Splashed by a jelly's acid (10 damage)
             ... on level 5 of the Dungeon.
             The game lasted 00:09:54 (3532 turns).

koil the Sneak (Spriggan Enchanter)                 Turns: 3532, Time: 00:10:24

Health: 0/35       AC: -10   Str: 10    XL:     7   Next: 87%
Magic:  11/15      EV: 24    Int: 16    God:
Gold:   163        SH:  0    Dex: 18    Spells: 11/16 levels left

rFire   . . .      SeeInvis +    v - +4 dagger
rCold   . . .      Faith    .    (no shield)
rNeg    . . .      Spirit   .    D - +0 robe
rPois   .          Reflect  .    (helmet restricted)
rElec   .          Harm     .    (no cloak)
rCorr   .          Rampage  .    (gloves unavailable)
Will    +....                    (boots unavailable)
Stlth   ++++......               (no amulet)
HPRegen 0.25/turn                g - +6 ring of strength
MPRegen 0.14/turn                x - +4 ring of evasion

@: corroded, very quick
A: very small, no large weapons, unfitting armour, see invisible, speed 3
a: no special abilities


You were on level 5 of the Dungeon.
You visited 1 branch of the dungeon, and saw 5 of its levels.

You collected 163 gold pieces.

Inventory:

Hand Weapons
 a - a +1 dagger
 k - a +2 falchion of holy wrath
 v - a +4 dagger (weapon)
 C - a +0 whip of flaming
Missiles
 n - 2 throwing nets (quivered)
 r - 8 poisoned darts
Armour
 b - a +0 robe
 z - a +0 robe
 D - a +0 robe (worn)
Jewellery
 g - a +6 ring of strength (left hand)
 x - a +4 ring of evasion (right hand)
 G - a ring of protection from fire
Wands
 y - a wand of paralysis (9)
 A - a wand of mindburst (28)
Scrolls
 f - a scroll of torment {unknown}
 h - a scroll of enchant weapon {unknown}
 j - 3 scrolls of identify {unknown}
 o - 2 scrolls of teleportation {unknown}
 p - 2 scrolls of butterflies {unknown}
 q - 2 scrolls of amnesia {unknown}
 t - a scroll of silence {unknown}
 w - a scroll of immolation {unknown}
 B - 4 scrolls of enchant armour {unknown}
 E - a scroll of fear {unknown}
 F - a scroll of magic mapping {unknown}
Potions
 c - 2 potions of invisibility
 d - 2 potions of flight {unknown}
 e - 2 potions of resistance {unknown}
 i - 7 potions of curing {unknown}
 l - a potion of brilliance {unknown}
 m - 2 potions of cancellation {unknown}
 s - 4 potions of attraction {unknown}
 u - 3 potions of magic {unknown}


   Skills:
 + Level 2.7 Fighting
 + Level 4.1 Short Blades
 + Level 5.4 Dodging
 + Level 7.1 Stealth
 + Level 5.1 Spellcasting
 + Level 5.7 Hexes


You had 11 spell levels left.
You knew the following spells:

 Your Spells              Type           Power      Damage    Failure   Level
a - Ensorcelled Hibernat  Hex/Ice        26%        N/A       7%          2
b - Confusing Touch       Hex            22%        N/A       4%          3

Your spell library contained the following spells:

 Spells                   Type           Power      Damage    Failure   Level
 Tukima's Dance           Hex            22%        N/A       4%          3
 Dazzling Flash           Conj/Hex       26%        N/A       14%         3
 Leda's Liquefaction      Hex/Erth       6%         N/A       43%         4
 Lee's Rapid Deconstruct  Erth           2%         3d5*      99%         5
 Statue Form              Tmut/Erth      2%         N/A       100%        6


Dungeon Overview and Level Annotations

Branches:
Dungeon (5/15)             Temple (0/1) D:5

Altars:


Innate Abilities, Weirdness & Mutations

You are very small and have problems with some larger weapons.
You are too small for most types of armour.
You have supernaturally acute eyesight. (SInv)
You cover ground extremely quickly. (Speed+++)


Message History

No target in view!
An adder comes into view.
Found a scroll labelled QUMUN WEMIA.
The adder moves out of view.
A jelly comes into view.
Found a scroll labelled QUMUN WEMIA.
The jelly completely misses you.
The adder hisses angrily.
You hit the jelly.
Your hands burn!
The jelly is moderately wounded.
The adder bites you. The jelly hits you but does no damage.
You hit the jelly. The acid corrodes you!
Your hands burn!
The jelly is severely wounded.
The adder completely misses you.
You hit the jelly.
Your hands burn!
The jelly is almost dead.
The jelly hits you. The acid corrodes you!
You are splashed with acid!
The adder barely misses you.
You are too injured to fight recklessly!
You are too injured to fight recklessly!
You are too injured to fight recklessly!
You are too injured to fight recklessly!
You are too injured to fight recklessly!
You are too injured to fight recklessly!
Casting: Confusing Touch (dangerous; 4% risk of failure)
Confirm with . or Enter, or press ? or * to list all spells.
Aiming: Ensorcelled Hibernation (safe; 7% risk of failure)
Press: ? - help, Shift-Dir - straight line, f - adder
Aim: an adder (chance to affect: 55%)
The adder resists with significant effort.
The adder completely misses you. The jelly misses you.
Casting: Ensorcelled Hibernation (safe; 7% risk of failure)
Confirm with . or Enter, or press ? or * to list all spells.
Aiming: Ensorcelled Hibernation (safe; 7% risk of failure)
Press: ? - help, Shift-Dir - straight line, f/p - adder
Aim: an adder (chance to affect: 55%)
The adder resists with significant effort.
The adder completely misses you. The jelly hits you.
* * * LOW HITPOINT WARNING * * *
The acid corrodes you!
You are splashed with acid!
You die...

## .. ## .. .# #. .#
#..#..#. .# ##...#.#. .#
#......#.#J# ⌠.
#.#....#S@.# ...
#......#...# ⌠.>
#......#?..# ...
####......#...#
⌠..##........†#...#
....#.##....#.#...#####
##......#.#..#........#
##...(####.#..#.####...#
............##..# #?.


You could see a jelly and an adder.

Vanquished Creatures
  Pikel (D:4)
  A centaur (D:3)
  A phantom (D:4)
  A scorpion (D:5)
  3 hounds
  A jelly (D:4)
  3 iguanas
  Robin (D:4)
  2 adders
  3 gnolls (D:4)
  A worm (D:2)
  A dart slug (D:1)
  4 ball pythons
  4 bats
  2 endoplasms (D:1)
  4 giant cockroaches
  17 goblins
  10 hobgoblins
  3 quokkas
  4 kobolds
  3 rats
70 creatures vanquished.

Notes
Turn   | Place    | Note
-------+----------+-------------------------------------------
     0 | D:1      | koil the Spriggan Enchanter began the quest for the Orb.
     0 | D:1      | Reached XP level 1. HP: 9/9 MP: 5/5
   223 | D:1      | Reached XP level 2. HP: 12/13 MP: 6/6
   226 | D:1      | Learned a level 2 spell: Ensorcelled Hibernation
   817 | D:2      | Reached XP level 3. HP: 13/17 MP: 8/8
   821 | D:2      | Learned a level 3 spell: Confusing Touch
  1825 | D:3      | Found a faded altar of an unknown god.
  1837 | D:3      | Reached skill level 1 in Fighting
  1837 | D:3      | Reached skill level 5 in Stealth
  1837 | D:3      | Reached XP level 4. HP: 9/22 MP: 7/10
  2027 | D:3      | Noticed a centaur
  2037 | D:3      | Killed a centaur
  2038 | D:3      | Reached XP level 5. HP: 25/25 MP: 7/11
  2465 | D:4      | Noticed a lemure
  2470 | D:4      | Noticed Robin
  2493 | D:4      | Noticed a lemure
  2493 | D:4      | Noticed Pikel
  2501 | D:3      | HP: 1/25 [goblin/+0 club[Robin] (3)]
  2610 | D:4      | Noticed a lemure
  2659 | D:4      | Noticed a lemure
  2662 | D:4      | Killed Pikel
  2663 | D:4      | Reached skill level 6 in Stealth
  2663 | D:4      | Reached skill level 5 in Hexes
  2663 | D:4      | Reached XP level 6. HP: 15/30 MP: 5/13
  2663 | D:4      | Reached XP level 7. HP: 17/35 MP: 5/14
  2733 | D:4      | Killed Robin
  3149 | D:4      | Reached skill level 5 in Dodging
  3342 | D:4      | Reached skill level 7 in Stealth
  3473 | D:5      | Entered Level 5 of the Dungeon
  3485 | D:5      | Reached skill level 5 in Spellcasting
  3502 | D:5      | Found a staircase to the Ecumenical Temple.
  3532 | D:5      | Splashed by a jelly's acid

Illustrated notes

Levels and vault maps discovered:
D:1:      matt_arrival_refuge, layout_rooms
D:2:      layout_basic
D:3:      layout_basic, ebering_ecumenical_altar_abandoned
D:4:      layout_cave_pools, uniq_robin, uniq_pikel
D:5:      layout_rooms, chequers_temple_overflow_statue_of_worship,
          minmay_temple_entry_drinking_statues, minmay_curled_crystal,
          corexii_corridor_pit, uniq_crazy_yiuf_cottage, uniq_ijyb

Skill      XL: |  1  2  3  4  5  6  7 |
---------------+----------------------+-----
Spellcasting   | 3 4 5 |  5.1
Dodging        | 3 4 5 |  5.4
Fighting       | 1 2 |  2.7
Short Blades   | 2 3 4 |  4.1
Stealth        | 5 6 7 |  7.1
Hexes          | 4 5 |  5.7

Action                   |  1- 3 |  4- 6 |  7- 9 || total
-------------------------+-------+-------+-------++-------
Melee: Dagger            |   133 |    49 |    40 ||   222
 Cast: Ensorcelled Hiber |    10 |     7 |    17 ||    34
       Confusing Touch   |       |     1 |     1 ||     2
 Stab: Sleeping          |    11 |     5 |    10 ||    26
       Confused          |       |     2 |     2 ||     4
Armor: Robe              |    16 |     5 |     2 ||    23
Dodge: Dodged            |   110 |    76 |    39 ||   225

Table legend: (Time is in decaauts)
 A = Elapsed time spent in this place.
 B = Non-inter-level travel time spent in this place.
 C = Inter-level travel time spent in this place.
 D = Time resting spent in this place.
 E = Time spent auto-exploring this place.
 F = Levels seen in this place.
 G = Mean time per level.
                   A        B        C        D        E       F      G
               +--------+--------+--------+--------+--------+-----+--------+
         Total |   2554 |   2495 |     59 |    275 |   1620 |   5 |  510.8 |
       Dungeon |   2554 |   2495 |     59 |    275 |   1620 |   5 |  510.8 |
               +--------+--------+--------+--------+--------+-----+--------+

Top non-repeatable levels by time:
     D:3: 729 daAuts
     D:2: 703 daAuts
     D:4: 574 daAuts
     D:1: 508 daAuts
     D:5: 39 daAuts
